 Dungeon Crawl Stone Soup version 0.19.0-20-gbc5f0c6 (webtiles) character file.

82333 Gargo the Thaumaturge (level 15, -13/90 HPs)
             Began as a Gargoyle Earth Elementalist on Nov 16, 2016.
             Was a High Priest of Vehumet.
             Mangled by Donald
             ... wielding a +1 demon trident of draining
              (24 damage)
             ... on level 1 of the Elven Halls on Nov 17, 2016.
             The game lasted 04:30:59 (31698 turns).

Gargo the Thaumaturge (GrEE)                       Turns: 31698, Time: 04:31:00

Health: -13/90     AC: 20    Str: 13    XL:     15   Next: 73%
Magic:  3/31       EV: 17    Int: 21    God:    Vehumet [*****.]
Gold:   1136       SH:  7    Dex: 15    Spells: 7 memorised, 11 levels left

rFire  + + .     SeeInvis +     a - +8 whip "Snakebite" {curare, rPois}
rCold  + . .     Gourm    +     t - +1 robe {rC+ rF+}
rNeg   + . .     Faith    .     I - +2 buckler
rPois  ∞         Spirit   .     R - +0 hat {SInv}
rElec  +         Reflect  .     j - +2 cloak {MR+}
rCorr  .         Harm     .     (no gloves)
MR     ++...                    f - +1 pair of boots {Fly}
Stlth  ++........               n - amulet of the gourmand
                                g - +5 ring of dexterity
                                h - ring of protection from fire

@: flying
A: big wings, negative energy resistance 1, electricity resistance, unbreathing,
petrification resistance, rot immunity, AC +11
a: Stop Flying, Renounce Religion


You were on level 1 of the Elven Halls.
You worshipped Vehumet.
Vehumet was extremely pleased with you.
You were very full.

You visited 8 branches of the dungeon, and saw 24 of its levels.
You also visited: Labyrinth and Volcano.

You collected 1676 gold pieces.
You spent 540 gold pieces at shops.

Inventory:

Hand Weapons
 a - the +8 whip "Snakebite" (weapon) {curare, rPois}
   (You found it on level 5 of the Lair of Beasts)

   It poisons the flesh of those it strikes.
   It protects you from poison.
 c - a +0 blowgun
 o - a +1 trident of venom
 q - a +0 dagger of distortion
 u - a +0 dagger of speed
 w - a +2 dagger of venom
 D - a +0 blowgun
Missiles
 b - 166 stones (quivered)
 r - 8 curare-tipped needles
 E - 27 poisoned needles
Armour
 d - a +0 pair of boots
 e - a +1 robe of magic resistance
 f - a +1 pair of boots of flying (worn)
 i - a +0 buckler
 j - a +2 cloak of magic resistance (worn)
 t - a +1 robe of resistance (worn)
 B - a cursed +0 buckler
 C - a +0 buckler
 G - a +0 buckler
 I - a +2 buckler (worn)
 R - a +0 hat of see invisible (worn)
 Z - a +0 troll leather armour
Jewellery
 g - a +5 ring of dexterity (right hand)
 h - a ring of protection from fire (left hand)
 n - an amulet of the gourmand (around neck)
 z - an uncursed ring of protection from magic
 N - an uncursed amulet of rage
Wands
 m - a wand of flame (33/48)
 p - a wand of iceblast (0/15)
Scrolls
 l - a scroll of enchant armour
 s - a scroll of magic mapping
 x - 2 scrolls of remove curse
 A - a scroll of teleportation
 F - a scroll of enchant weapon
 H - a scroll of brand weapon
Potions
 k - a potion of haste
 v - a potion of curing
Books
 y - a book of Ice

   Spells                             Type                      Level
   a - Ice Form                       Ice/Transmutation            4
   b - Metabolic Englaciation         Hexes/Ice                    5
   c - Ozocubu's Refrigeration        Ice                          6
   d - Bolt of Cold                   Conjuration/Ice              6
   e - Freezing Cloud                 Conjuration/Ice/Air          6
   f - Simulacrum                     Ice/Necromancy               6
Comestibles
 P - a slice of pizza


   Skills:
 + Level 9.0 Fighting
 + Level 9.2 Maces & Flails
 - Level 6.3 Armour
 + Level 7.6 Dodging
 - Level 2.1 Stealth
 - Level 5.0 Shields
 * Level 12.5 Spellcasting
 + Level 9.4 Conjurations
   Level 0.7 Transmutations
 + Level 8.5 Fire Magic
 + Level 11.6 Earth Magic
 + Level 8.2 Evocations


You had 11 spell levels left.
You knew the following spells:

 Your Spells              Type           Power        Failure   Level  Hunger
a - Sandblast             Erth           ######       1%          1    None
b - Lee's Rapid Deconstr  Erth           ######....   1%          5    ####...
c - Conjure Flame         Conj/Fire      ######..     1%          3    None
e - Bolt of Magma         Conj/Fire/Erth ######....   1%          5    ####...
f - Fireball              Conj/Fire      ######....   1%          5    ####...
A - Stone Arrow           Conj/Erth      ######       1%          3    None
E - Iron Shot             Conj/Erth      ######....   3%          6    #####..


Dungeon Overview and Level Annotations

Branches:
Dungeon (11/15)            Temple (1/1) D:4            Lair (6/6) D:10
 Shoals (1/4) Lair:2       Spider (1/4) Lair:2        Slime (1/5) Lair:5
    Orc (2/2) D:9             Elf (1/3) Orc:2

Altars:
Ashenzari
Cheibriados
Dithmenos
Elyvilon
Fedhas
Gozag
Hepliaklqana
Kikubaaqudgha
Makhleb
Nemelex Xobeh
Okawaru
Qazlal
Ru
Sif Muna
Trog
Uskayaw
Vehumet
Xom
Yredelemnul
Zin
The Shining One
Beogh

Shops:
Orc:2 }?=?   Elf:1 }

Annotations:
D:3 1 runed door
Elf:1 Donald


Innate Abilities, Weirdness & Mutations

You are resistant to torment.
Your stone body is resilient. (AC +11)
You are immune to poison.
Your large and strong wings let you fly indefinitely.
You resist negative energy. (rN+)
You are resistant to electric shocks. (rElec)
You can survive without breathing.
You are immune to petrification.
You are immune to rotting.


Message History

There is a staircase back to the Mines here.
You see here 2 arrows.
Casting: Lee's Rapid Deconstruction
Confirm with . or Enter, or press ? or * to list all spells.
Aiming: Bolt of Magma
Press: ? - help, Shift-Dir - straight line, f - Donald
Aim: Donald, wielding a demon trident of draining, wearing a shiny plate armour and wearing a shield (heavily wounded, fast, unusually strong)
Okay, then.
Casting: Bolt of Magma
Confirm with . or Enter, or press ? or * to list all spells.
Aiming: Bolt of Magma
Press: ? - help, Shift-Dir - straight line, f - Donald
Aim: Donald, wielding a demon trident of draining, wearing a shiny plate armour and wearing a shield (heavily wounded, fast, unusually strong)
The bolt of magma hits Donald.
Donald is heavily wounded.
Donald hits you from afar with a demon trident of draining!!
* * * LOW HITPOINT WARNING * * *
Donald says, "What kind of god gives you spells but not spellbooks?"
Donald hits you from afar with a demon trident of draining!!
You die...

..# #...#.#
..#.####)§..#
...........## #.
..........## #..
..#.....[.## #...
#####e...###... ..
#.[@...#.. #. #..)).#.#
. #))@[)### .#
#.#)(...#####.##
##.###(#........##
.......>.)...#.#...###
#.#.#.....#..#...#.....
#.##..###....∩...#
..(........#...#.#
.#.##..#.##..#.#..# #.
#.............#


You could see Donald and a deep elf mage.

Vanquished Creatures
  The ghost of Charly the Severer, a journeyman DDGl of Makhleb (Orc:2)
  4 dire elephants (Lair:6)
  The ghost of Philosophy the Severer, a journeyman HOFi of Okawaru (Orc:1)
  A minotaur (Lab)
  A merfolk impaler (Lair:2)
  The ghost of jazmu the Arsonist, a journeyman DgFE (Lair:6)
  A catoblepas (Lair:6)
  6 hydras
  An anaconda (Lair:6)
  4 ogre magi (Orc:2)
  4 dancing weapons
  4 death yaks (Lair:6)
  Sonja (Orc:2)
  6 deep elf knights
  3 hill giants (D:10)
  16 deep elf magi
  3 deep elf archers (Elf:1)
  2 orc knights (Orc:2)
  5 orc sorcerers
  An ugly thing (Volcano)
  An orb spider (Lair:2)
  2 fauns (Shoals:1)
  A manticore (Lair:2)
  2 cyclopes
  11 elephants
  5 black mambas
  2 sirens
  A torpor snail (Lair:6)
  11 spiny frogs
  4 rime drakes
  5 komodo dragons
  A red devil (Volcano)
  6 trolls
  5 merfolk (Lair:2)
  11 two-headed ogres
  A snapping turtle (Lair:2)
  A wind drake (Shoals:1)
  7 dream sheep
  4 hippogriffs
  2 air elementals (Elf:1)
  A water elemental (Elf:1)
  A wraith (D:9)
  2 fire elementals (Elf:1)
  A human (D:8)
  46 yaks
  Sigmund (D:3)
  2 wyverns
  2 hungry ghosts
  2 steam dragons
  2 wargs (Orc:2)
  27 water moccasins
  A hell hound (Volcano)
  9 porcupines
  15 orc warriors
  A hornet zombie (D:9)
  4 sky beasts
  5 ice beasts
  3 phantoms
  3 black bears
  2 eyes of draining
  26 ogres
  6 wolves
  6 centaurs
  8 crocodiles
  17 bullfrogs
  An earth elemental (Lab)
  A wyvern zombie (D:10)
  4 scorpions
  A water moccasin zombie (D:6)
  23 killer bees
  6 wights
  2 electric eels (Lair:1)
  5 crimson imps
  2 bullfrog zombies
  3 centaur zombies
  8 hounds
  A bullfrog skeleton (D:5)
  5 jellies
  14 orc priests
  3 centaur skeletons
  A gnoll shaman (Orc:1)
  Jessica (D:3)
  An iguana (D:9)
  19 orc wizards
  5 hell rats (Lair:4)
  10 worker ants
  A hound zombie (D:6)
  A worker ant zombie (D:9)
  2 howler monkey skeletons
  7 gnolls
  16 adders
  A shadow imp (D:10)
  8 oozes
  2 adder skeletons
  An adder zombie (D:8)
  4 worms
  A dart slug (D:3)
  7 leopard geckos
  64 orcs
  9 giant cockroaches
  3 goblins
  10 hobgoblins
  23 jackals
  9 quokkas
  A ball python (D:2)
  3 bats
  4 frilled lizards
  14 kobolds
  8 rats
  7 plants
664 creatures vanquished.

Vanquished Creatures (others)
  2 bushes (Lair:6)
  17 fungi
  19 plants
38 creatures vanquished.

Grand Total: 702 creatures vanquished

Notes
Turn   | Place    | Note
-------+----------+-------------------------------------------
     0 | D:1      | Gargo the Gargoyle Earth Elementalist began the quest for the Orb.
     0 | D:1      | Reached XP level 1. HP: 10/10 MP: 3/3
   247 | D:1      | Reached XP level 2. HP: 15/15 MP: 1/5
   871 | D:1      | Reached XP level 3. HP: 15/19 MP: 2/7
   876 | D:1      | Learned a level 3 spell: Stone Arrow
  1029 | D:2      | Reached skill level 3 in Spellcasting
  1400 | D:2      | Found a faded altar of an unknown god.
  1666 | D:3      | Noticed Sigmund
  1929 | D:2      | Reached XP level 4. HP: 24/24 MP: 3/9
  2999 | D:3      | Killed Sigmund
  2999 | D:3      | Reached skill level 4 in Spellcasting
  2999 | D:3      | Reached skill level 5 in Earth Magic
  2999 | D:3      | Reached XP level 5. HP: 19/28 MP: 4/12
  2999 | D:3      | Reached XP level 6. HP: 21/32 MP: 4/13
  3362 | D:3      | Found a runed door.
  3395 | D:3      | Noticed Jessica
  3416 | D:3      | Killed Jessica
  3416 | D:3      | Reached skill level 5 in Spellcasting
  3783 | D:5      | Entered Level 5 of the Dungeon
  3914 | D:4      | Found a staircase to the Ecumenical Temple.
  3932 | Temple   | Entered the Ecumenical Temple
  3965 | Temple   | Became a worshipper of Vehumet
  4097 | Temple   | Learned a level 5 spell: Lee's Rapid Deconstruction
  4105 | D:4      | Noticed a phantom
  4315 | D:4      | Killed a phantom
  4388 | D:4      | Reached XP level 7. HP: 36/36 MP: 2/15
  4652 | D:4      | Reached skill level 1 in Armour
  4810 | D:6      | Reached skill level 1 in Fighting
  4810 | D:6      | Reached skill level 1 in Maces & Flails
  4810 | D:6      | Reached skill level 1 in Evocations
  4901 | D:6      | Reached skill level 6 in Spellcasting
  4901 | D:6      | Reached skill level 1 in Conjurations
  5311 | D:4      | Reached XP level 8. HP: 13/43 MP: 11/17
  5825 | D:5      | Reached * piety under Vehumet
  5825 | D:5      | Offered knowledge of Shock by Vehumet.
  5901 | D:5      | Got a brightly glowing scale mail
  6368 | D:5      | Identified a scroll of acquirement
  6548 | D:6      | Got a crystal falchion
  6930 | D:6      | Found a snail-covered altar of Cheibriados.
  7394 | D:6      | Learned a level 3 spell: Conjure Flame
  7627 | D:6      | Found a stormy altar of Qazlal.
  7936 | D:7      | Reached skill level 1 in Fire Magic
  7936 | D:7      | Reached XP level 9. HP: 47/49 MP: 15/19
  8944 | D:7      | Reached skill level 7 in Spellcasting
  9483 | D:8      | Noticed a two-headed ogre
  9487 | D:8      | Killed a two-headed ogre
  9516 | D:8      | Reached ** piety under Vehumet
  9516 | D:8      | Offered knowledge of Sting by Vehumet.
  9987 | D:9      | Reached XP level 10. HP: 56/56 MP: 18/21
 10283 | D:10     | Entered Level 10 of the Dungeon
 10487 | D:11     | Noticed a cyclops
 10493 | D:11     | Offered knowledge of Inner Flame by Vehumet.
 10507 | D:10     | Learned a level 3 spell: Inner Flame
 10833 | D:8      | Reached *** piety under Vehumet
 10899 | D:8      | Reached skill level 8 in Spellcasting
 11435 | D:8      | Offered knowledge of Static Discharge by Vehumet.
 11849 | D:9      | Found a staircase to the Orcish Mines.
 11912 | D:9      | Reached skill level 5 in Armour
 12079 | D:10     | Reached **** piety under Vehumet
 12113 | D:9      | Found a blossoming altar of Fedhas.
 12787 | D:11     | Killed a cyclops
 12787 | D:11     | Reached skill level 5 in Fighting
 12787 | D:11     | Reached XP level 11. HP: 63/63 MP: 7/23
 12908 | D:10     | Noticed a hill giant
 12919 | D:9      | Offered knowledge of Bolt of Magma by Vehumet.
 12926 | D:9      | Learned a level 5 spell: Bolt of Magma
 13024 | Orc:1    | Entered Level 1 of the Orcish Mines
 13024 | Orc:1    | Found a roughly hewn altar of Beogh.
 13024 | Orc:1    | Noticed a cyclops
 13024 | Orc:1    | Noticed Philosophy's ghost (journeyman HOFi)
 13030 | Orc:1    | Reached skill level 1 in Shields
 13093 | D:9      | Killed a cyclops
 13314 | D:10     | Killed a hill giant
 13439 | D:10     | Found a staircase to the Lair.
 13448 | D:10     | Reached skill level 5 in Maces & Flails
 13459 | Lair:1   | Entered Level 1 of the Lair of Beasts
 13912 | D:10     | Reached skill level 5 in Conjurations
 14422 | D:10     | Noticed a hill giant
 14426 | D:10     | Killed a hill giant
 14533 | D:10     | Reached skill level 9 in Spellcasting
 14631 | D:10     | Reached ***** piety under Vehumet
 14718 | D:11     | Noticed a hill giant
 14865 | D:10     | Offered knowledge of Iron Shot by Vehumet.
 14876 | D:10     | Learned a level 6 spell: Iron Shot
 14943 | D:10     | Noticed a hill giant
 14950 | D:10     | Killed a hill giant
 15234 | Lair:2   | Found a labyrinth entrance.
 15238 | Lab      | Entered a labyrinth
 15470 | Lab      | Noticed a minotaur
 15476 | Lab      | Killed a minotaur
 15482 | Lab      | Got a jewelled leather armour
 15488 | Lab      | Identified the Volume of Protection
 15491 | Lab      | Identified Zagomuaj's Almanac of Translocation
 15493 | Lab      | Got a twisted short sword
 15514 | Lair:2   | Found a staircase to the Shoals.
 15562 | Lair:2   | Found a dark tunnel.
 15571 | Volcano  | Entered a volcano
 15578 | Volcano  | Reached skill level 5 in Dodging
 15584 | Volcano  | Noticed a red ugly thing
 15587 | Volcano  | Noticed a red ugly thing
 15592 | Volcano  | Noticed a hell knight
 15596 | Volcano  | Killed a red ugly thing
 15596 | Volcano  | Reached XP level 12. HP: 35/70 MP: 7/25
 15842 | Lair:2   | Identified the +2 leather armour "Xiurghad" {rPois rN+ Dex-3 SInv} (You took it off a minotaur in a labyrinth)
 16062 | Lair:1   | Reached skill level 5 in Evocations
 16526 | Lair:1   | Reached skill level 5 in Fire Magic
 18080 | Lair:2   | Found a hole to the Spider Nest.
 18362 | Shoals:1 | Entered Level 1 of the Shoals
 18364 | Shoals:1 | Noticed a merfolk impaler
 18556 | Lair:2   | Killed a merfolk impaler
 18556 | Lair:2   | Reached skill level 10 in Spellcasting
 19352 | Lair:2   | Reached XP level 13. HP: 66/76 MP: 8/27
 19475 | Shoals:1 | Reached skill level 5 in Shields
 19657 | Spider:1 | Entered Level 1 of the Spider Nest
 19872 | Lair:4   | Offered knowledge of Freezing Cloud by Vehumet.
 20776 | Lair:4   | Reached skill level 10 in Earth Magic
 21113 | Lair:5   | Found a staircase to the Slime Pits.
 21320 | Lair:6   | Entered Level 6 of the Lair of Beasts
 22210 | Lair:6   | Noticed jazmu's ghost (journeyman DgFE)
 22422 | Lair:6   | Killed jazmu's ghost
 23130 | Lair:5   | Reached skill level 11 in Spellcasting
 23395 | Slime:1  | Entered Level 1 of the Pits of Slime
 23395 | Slime:1  | Noticed an acid blob
 23603 | Lair:6   | Gained mutation: Your large and strong wings let you fly indefinitely. [Gargoyle growth]
 23603 | Lair:6   | Reached XP level 14. HP: 27/83 MP: 16/29
 24123 | Lair:6   | Offered knowledge of Lightning Bolt by Vehumet.
 25698 | Lair:6   | Noticed a dire elephant
 25886 | Lair:6   | Noticed a dire elephant
 26061 | Lair:6   | Killed a dire elephant
 26105 | Lair:6   | Noticed a dire elephant
 26197 | Lair:6   | Killed a dire elephant
 26235 | Lair:6   | Noticed a dire elephant
 26393 | Lair:6   | Noticed a dire elephant
 26393 | Lair:6   | Noticed a dire elephant
 26404 | Lair:6   | Killed a dire elephant
 26412 | Lair:6   | Killed a dire elephant
 26514 | Lair:6   | Identified the Volume of Talismans
 27656 | Orc:1    | Killed Philosophy's ghost
 27821 | Orc:2    | Entered Level 2 of the Orcish Mines
 27821 | Orc:2    | Noticed Sonja
 27823 | Orc:2    | Killed Sonja
 27854 | Orc:2    | Found a staircase to the Elven Halls.
 28342 | Orc:2    | Noticed Charly's ghost (journeyman DDGl)
 28364 | Orc:2    | Killed Charly's ghost
 28634 | Orc:2    | Reached skill level 12 in Spellcasting
 28647 | Orc:2    | Reached XP level 15. HP: 80/89 MP: 3/31
 28665 | Orc:2    | Offered knowledge of Fireball by Vehumet.
 29195 | Orc:2    | Found Keedium's Jewellery Shop.
 29195 | Orc:2    | Found Ofofapy's Magic Scroll Shoppe.
 29196 | Orc:2    | Found Suomilaly's Gadget Emporium.
 29196 | Orc:2    | Found Helymoss's Magic Scroll Shop.
 29209 | Orc:2    | Learned a level 5 spell: Fireball
 29212 | Orc:2    | Bought a scroll of blinking for 120 gold pieces
 29213 | Orc:2    | Bought an uncursed amulet of the gourmand for 420 gold pieces
 29886 | Elf:1    | Entered Level 1 of the Elven Halls
 29898 | Elf:1    | Found Makuipha's Quality Used Wands.
 31674 | Elf:1    | Noticed Donald
 31698 | Elf:1    | Mangled by Donald

Skill      XL: |  1  2  3  4  5  6  7  8  9 10 11 12 13 14 15 |
---------------+----------------------------------------------+-----
Earth Magic    | 4 5 6 7 8 9 10 11 | 11.6
Spellcasting   | 3 4 5 6 7 8 9 10 11 12 | 12.5
Armour         | 1 3 4 5 6 |  6.3
Fighting       | 1 2 3 5 6 7 8 9 |  9.0
Maces & Flails | 1 2 3 4 5 6 7 8 9 |  9.2
Dodging        | 2 3 4 5 6 7 |  7.6
Evocations     | 1 2 3 4 5 6 7 8 |  8.2
Conjurations   | 1 2 3 4 5 6 7 8 9 |  9.4
Fire Magic     | 1 2 3 4 5 6 7 8 |  8.5
Shields        | 3 4 5 |  5.0
Stealth        | |  2.1
Transmutations | |  0.7

Action                   |  1- 3 |  4- 6 |  7- 9 | 10-12 | 13-15 || total
-------------------------+-------+-------+-------+-------+-------++-------
Melee: Dagger            |    61 |    15 |       |       |       ||    76
       Whip              |       |       |     7 |   157 |   537 ||   701
       Mace              |       |       |       |     4 |    23 ||    27
 Fire: Blowgun           |       |     5 |       |     1 |       ||     6
Throw: Stone             |     3 |     1 |     6 |     1 |       ||    11
       Tomahawk          |       |       |       |     1 |       ||     1
 Cast: Sandblast         |    77 |   117 |   324 |   433 |   194 ||  1145
       Stone Arrow       |       |       |    22 |   240 |   276 ||   538
       Lee's Rapid Decon |       |       |       |     3 |     7 ||    10
       Bolt of Magma     |       |       |       |    21 |   145 ||   166
       Iron Shot         |       |       |       |       |    10 ||    10
       Fireball          |       |       |       |       |     6 ||     6
 Abil: Fly               |       |       |       |       |     1 ||     1
Evoke: Wand              |       |       |       |    16 |    11 ||    27
  Use: Potion            |       |     3 |       |     5 |     4 ||    12
       Scroll            |       |     8 |    11 |     9 |     9 ||    37
 Stab: Sleeping          |       |     3 |     6 |     4 |       ||    13
       Invisible         |       |       |       |     1 |       ||     1
       Distracted        |       |       |       |       |     1 ||     1
  Eat: Chunk             |     3 |     7 |    17 |    33 |    63 ||   123
       Beef jerky        |       |       |     1 |       |     1 ||     2
       Fruit             |       |       |       |     6 |     2 ||     8
       Pizza             |       |       |       |       |    10 ||    10
Armor: Robe              |    27 |    25 |   112 |    77 |    72 ||   313
       Troll leather arm |       |       |       |   218 |   220 ||   438
Dodge: Dodged            |    72 |    58 |   136 |   397 |   429 ||  1092
Block: Buckler           |       |       |       |       |   182 ||   182
